 Dungeon Crawl Stone Soup version 0.21.1-1-g345015fe64 (webtiles) character file.

27 IceCat the Ruffian (level 2, 27/27 HPs)
             Began as a Troll Transmuter on July 20, 2018.
             Quit the game on level 1 of the Dungeon.
             The game lasted 00:04:56 (362 turns).

IceCat the Ruffian (Troll Transmuter)                Turns: 362, Time: 00:04:56

Health: 27/27      AC:  5    Str: 17    XL:     2   Next: 93%
Magic:  0/3        EV: 10    Int:  9    God:
Gold:   29         SH:  0    Dex: 10    Spells: 2/3 levels left

rFire    . . .     SeeInvis .     - Unarmed
rCold    . . .     Gourm    +   (no shield)
rNeg     . . .     Faith    .   b - +0 robe
rPois    .         Spirit   .   (helmet restricted)
rElec    .         Reflect  .   (no cloak)
rCorr    .         Harm     .   (gloves unavailable)
MR       .....                  (boots unavailable)
Stlth    +.........             (no amulet)
HPRegen  0.49/turn              (no ring)
MPRegen  0.08/turn              (no ring)

@: appendage
A: large, unfitting armour, claws 3, talons 3, fast metabolism 3, gourmand,
regeneration 1, shaggy fur 1, tough skin 2
a: End Transformation


You were on level 1 of the Dungeon.
You were very full.
You had grown temporary talons.
You visited 1 branch of the dungeon, and saw 1 of its levels.

You collected 29 gold pieces.

Inventory:

Missiles
 a - 32 arrows
Armour
 b - a +0 robe (worn)
Scrolls
 e - a scroll of enchant weapon {unknown}
 f - a scroll of fear {unknown}
Books
 c - a book of Changes

   Spells                             Type                      Level
   a - Beastly Appendage              Transmutation                1
   b - Sticks to Snakes               Transmutation                2
   c - Spider Form                    Transmutation/Poison         3
   d - Ice Form                       Ice/Transmutation            4
   e - Blade Hands                    Transmutation                5
Comestibles
 d - 3 rations
 g - 3 chunks of flesh


   Skills:
 + Level 1.0 Fighting
 + Level 1.9 Dodging
 + Level 3.5 Unarmed Combat
 + Level 1.3 Spellcasting
 + Level 1.6 Transmutations


You had 2 spell levels left.
You knew the following spells:

 Your Spells              Type           Power        Failure   Level  Hunger
a - Beastly Appendage     Tmut           #.....       19%         1    ##.....


Dungeon Overview and Level Annotations

Branches:
Dungeon (1/15)

Altars:


Innate Abilities, Weirdness & Mutations

You are too large for most types of armour.
You have claws for hands.
Your metabolism is lightning-fast.
You like to eat raw meat.
Your natural rate of healing is unusually fast.
You are covered in fur. (AC +1)
You have very tough skin. (AC +2)
You have claws for feet.


Message History

The kobold shouts!
Things that are here:
a dagger; a goblin corpse You butcher the goblin corpse.
Things that are here:
a dagger; a chunk of flesh; a goblin skeleton The kobold hits you but does no damage.
You claw the kobold!
You kill the kobold!
You see here a kobold corpse.
You butcher the kobold corpse.
Things that are here:
2 inedible chunks of flesh; a kobold skeleton
g - 3 chunks of flesh (gained 1)
Things that are here:
a dagger; a goblin skeleton
Casting: Beastly Appendage
Confirm with . or Enter, or press ? or * to list all spells.
Your feet morph into talons.
Are you sure you want to abandon this character and quit the game? (Confirm with "yes".)

########### #..........
#.......... # #..........
#.#.......... ######
####.#.......... #.....
........%....... #.....
###.#.......... #.....
#####.#@###########.....
......).รท...............
#.....##.#########......
#.#### #..# #......
##.##### #...... #..#..
#...... ##.#.# #.####.
#.#.# #.# #. #...#
###.####.


There were no monsters in sight!

Vanquished Creatures
  An ooze (D:1)
  A leopard gecko (D:1)
  4 goblins (D:1)
  A hobgoblin (D:1)
  3 kobolds (D:1)
  4 bats (D:1)
  4 frilled lizards (D:1)
  3 rats (D:1)
21 creatures vanquished.

Notes
Turn   | Place    | Note
-------+----------+-------------------------------------------
     0 | D:1      | IceCat the Troll Transmuter began the quest for the Orb.
     0 | D:1      | Reached XP level 1. HP: 18/18 MP: 1/1
   191 | D:1      | Reached XP level 2. HP: 26/26 MP: 2/2
   263 | D:1      | Reached skill level 1 in Fighting
   362 | D:1      | Quit the game

Skill      XL: |  1  2 |
---------------+-------+-----
Fighting       | 1 |  1.0
Dodging        | |  1.9
Unarmed Combat | |  3.5
Spellcasting   | |  1.3
Transmutations | |  1.6

Action                   || total
-------------------------++-------
Melee: Unarmed           ||    50
       Headbutt          ||     1
       Kick              ||     3
 Cast: Beastly Appendage ||     8
  Eat: Chunk             ||     8
Armor: Robe              ||    31
Dodge: Dodged            ||    28
